[ AOE2 MATCH · #495318744 ]
UnrankedMagyars vs Magyars
Player's team · LOSS
Rival team · WIN
[ REPLAY ANALYSIS · EXTRACTED FROM THE RECORDED GAME ]
Feudal
12:21
Castle
22:56
Imperial
44:29
| APM avg | 37.1 |
| APM peak | 85 |
| eAPM avg | 15.0 |
| Villagers / military | 90 / 58 |
Focus
⚔️ 14.1% · 🌾 85.9%
Magyar Huszar ×43 · Scout Cavalry ×7 · Cavalry Archer ×7 · Trebuchet (Packed) ×1
Feudal
11:26
Castle
19:02
Imperial
36:12
| APM avg | 24.1 |
| APM peak | 65 |
| eAPM avg | 14.8 |
| Villagers / military | 76 / 105 |
Focus
⚔️ 21.7% · 🌾 78.3%
Spearman ×48 · Magyar Huszar ×44 · Trebuchet (Packed) ×7 · Monk ×3 · Battering Ram ×3
Match map
Initial resources + every placement click. Lines = walls · curves = elevation contours. ◆ gold · ⬟ stone · ● berries · ✦ relic · ◌ wall gap
Your base· ✓ Closed at 22:56 · 32t walls · no gate
TheGreatKING's base· Open — opponent sealed themselves in
Smoothed initial terrain · ◌ = detected wall gap · hover for details
Inputs per minute
— Bladelord - - TheGreatKING
Build order — Bladelord
First 150 of 219 actions detected
| 0:01 | Create | Villager (Male) |
| 0:01 | Create | Villager (Male) |
| 0:02 | Create | Villager (Male) |
| 0:03 | Build | House |
| 0:45 | Build | House |
| 0:48 | Create | Villager (Male) |
| 0:50 | Build | House |
| 0:54 | Build | House |
| 0:58 | Build | House |
| 1:35 | Create | Villager (Male) |
| 1:51 | Build | House |
| 2:02 | Create | Villager (Male) |
| 2:31 | Create | Villager (Male) |
| 2:31 | Create | Villager (Male) |
| 3:00 | Create | Villager (Male) |
| 3:21 | Create | Villager (Male) |
| 3:21 | Create | Villager (Male) |
| 3:55 | Create | Villager (Male) |
| 4:08 | Create | Villager (Male) |
| 4:16 | Build | Lumber Camp |
| 4:40 | Create | Villager (Male) |
| 4:40 | Create | Villager (Male) |
| 5:28 | Build | Mill |
| 5:36 | Create | Villager (Male) |
| 5:42 | Create | Villager (Male) |
| 6:09 | Create | Villager (Male) |
| 6:40 | Build | House |
| 6:44 | Build | Palisade Wall |
| 6:46 | Create | Villager (Male) |
| 6:50 | Create | Villager (Male) |
| 6:51 | Create | Villager (Male) |
| 6:51 | Create | Villager (Male) |
| 7:26 | Build | Palisade Wall |
| 7:42 | Build | Mill |
| 7:43 | Create | Villager (Male) |
| 7:44 | Create | Villager (Male) |
| 7:54 | Create | Villager (Male) |
| 7:54 | Create | Villager (Male) |
| 7:55 | Create | Villager (Male) |
| 8:05 | Build | Palisade Wall |
| 9:11 | Create | Villager (Male) |
| 9:22 | Build | Palisade Wall |
| 10:00 | Research | Feudal Age |
| 10:29 | Build | Mining Camp |
| 10:52 | Build | House |
| 11:29 | Build | Palisade Wall |
| 11:38 | Research | Loom |
| 11:40 | Create | Villager (Male) |
| 12:21 | Age | Feudal Age |
| 12:23 | Build | Barracks |
| 13:05 | Create | Villager (Male) |
| 13:11 | Research | Horse Collar |
| 14:00 | Build | Stable |
| 14:49 | Build | Farm |
| 14:50 | Build | Farm |
| 14:55 | Create | Scout Cavalry ×5 |
| 15:14 | Build | Blacksmith |
| 15:24 | Build | House |
| 15:27 | Build | House |
| 15:43 | Build | Farm |
| 15:44 | Build | Farm |
| 15:50 | Build | Farm |
| 16:14 | Build | Farm |
| 16:18 | Create | Scout Cavalry |
| 16:21 | Create | Scout Cavalry |
| 16:25 | Build | Farm |
| 16:36 | Build | Farm |
| 16:51 | Build | Farm |
| 17:21 | Build | Farm |
| 17:26 | Build | Farm |
| 17:39 | Build | Farm |
| 17:45 | Research | Bloodlines |
| 17:49 | Research | Scale Barding Armor |
| 17:52 | Create | Villager (Male) |
| 17:52 | Create | Villager (Male) |
| 18:05 | Build | Farm |
| 18:40 | Build | Farm |
| 18:41 | Build | Farm |
| 18:58 | Build | Farm |
| 20:16 | Research | Castle Age |
| 21:21 | Create | Villager (Male) |
| 21:22 | Create | Villager (Male) |
| 21:57 | Build | Mining Camp |
| 22:19 | Create | Villager (Male) |
| 22:19 | Create | Villager (Male) |
| 22:19 | Create | Villager (Male) |
| 22:56 | Age | Castle Age |
| 23:05 | Research | Stone Mining |
| 23:24 | Create | Villager (Male) |
| 23:43 | Research | Double-Bit Axe |
| 24:17 | Create | Villager (Male) |
| 24:18 | Create | Villager (Male) |
| 24:24 | Research | Chain Barding Armor |
| 24:54 | Create | Villager (Male) |
| 24:55 | Create | Villager (Male) |
| 25:06 | Build | Town Center |
| 25:51 | Build | Castle |
| 26:10 | Research | Fletching |
| 27:30 | Create | Magyar Huszar ×5 |
| 27:36 | Create | Villager (Male) |
| 27:37 | Create | Villager (Male) |
| 27:37 | Create | Villager (Male) |
| 27:39 | Create | Villager (Male) |
| 27:39 | Create | Villager (Male) |
| 27:39 | Create | Villager (Male) |
| 27:40 | Create | Villager (Male) |
| 28:25 | Build | House |
| 28:42 | Create | Villager (Male) |
| 28:43 | Create | Villager (Male) |
| 29:18 | Research | Heavy Plow |
| 29:21 | Create | Villager (Male) |
| 29:22 | Create | Villager (Male) |
| 29:27 | Create | Villager (Male) |
| 29:32 | Build | Farm |
| 29:34 | Build | Farm |
| 30:15 | Create | Villager (Male) |
| 30:15 | Create | Villager (Male) |
| 30:16 | Create | Villager (Male) |
| 30:16 | Create | Villager (Male) |
| 30:21 | Build | Farm |
| 30:22 | Build | Farm |
| 30:23 | Build | Farm |
| 30:31 | Build | House |
| 30:43 | Build | Farm |
| 32:39 | Create | Villager (Male) |
| 32:40 | Create | Villager (Male) |
| 32:40 | Create | Villager (Male) |
| 32:41 | Create | Villager (Male) |
| 32:41 | Create | Villager (Male) |
| 32:41 | Create | Villager (Male) |
| 32:51 | Create | Magyar Huszar ×5 |
| 33:01 | Build | Farm |
| 33:16 | Create | Magyar Huszar ×5 |
| 33:31 | Create | Villager (Male) |
| 33:35 | Create | Villager (Male) |
| 34:22 | Create | Villager (Male) |
| 34:22 | Create | Villager (Male) |
| 34:24 | Research | Wheelbarrow |
| 34:48 | Build | Mining Camp |
| 34:51 | Create | Villager (Male) |
| 34:52 | Create | Villager (Male) |
| 34:52 | Create | Villager (Male) |
| 34:53 | Build | Farm |
| 34:53 | Build | Farm |
| 34:54 | Build | Farm |
| 34:54 | Build | Farm |
| 34:54 | Build | Farm |
| 35:07 | Build | Farm |
| 35:08 | Build | Farm |
| 35:10 | Build | Farm |
Build order — TheGreatKING
First 150 of 218 actions detected
| 0:02 | Research | Loom |
| 0:02 | Create | Villager (Male) |
| 0:02 | Create | Villager (Male) |
| 0:02 | Create | Villager (Male) |
| 0:18 | Build | House |
| 0:25 | Create | Villager (Male) |
| 0:49 | Build | House |
| 0:55 | Build | House |
| 1:41 | Build | House |
| 1:55 | Create | Villager (Male) |
| 2:27 | Create | Villager (Male) |
| 3:01 | Create | Villager (Male) |
| 3:18 | Create | Villager (Male) |
| 3:41 | Create | Villager (Male) |
| 4:09 | Create | Villager (Male) |
| 4:18 | Create | Villager (Male) |
| 4:43 | Create | Villager (Male) |
| 4:44 | Create | Villager (Male) |
| 5:12 | Create | Villager (Male) |
| 5:24 | Build | Lumber Camp |
| 5:30 | Create | Villager (Male) |
| 6:06 | Create | Villager (Male) |
| 6:31 | Build | House |
| 6:32 | Build | House |
| 7:03 | Create | Villager (Male) |
| 7:20 | Create | Villager (Male) |
| 7:54 | Build | Mill |
| 7:58 | Create | Villager (Male) |
| 8:11 | Create | Villager (Male) |
| 8:13 | Create | Villager (Male) |
| 8:31 | Create | Villager (Male) |
| 9:07 | Research | Feudal Age |
| 9:55 | Build | Barracks |
| 10:38 | Build | House |
| 11:22 | Create | Villager (Male) |
| 11:22 | Create | Villager (Male) |
| 11:22 | Create | Villager (Male) |
| 11:23 | Create | Villager (Male) |
| 11:26 | Age | Feudal Age |
| 11:31 | Build | Stable |
| 11:35 | Research | Double-Bit Axe |
| 11:43 | Create | Villager (Male) |
| 12:15 | Build | Farm |
| 12:21 | Build | Farm |
| 12:43 | Build | Watch Tower |
| 12:47 | Build | Mining Camp |
| 12:56 | Build | Farm |
| 12:59 | Create | Villager (Male) |
| 13:09 | Build | Farm |
| 13:22 | Create | Villager (Male) |
| 13:27 | Build | Market |
| 13:33 | Build | House |
| 13:36 | Build | Farm |
| 13:39 | Create | Villager (Male) |
| 13:59 | Build | Farm |
| 14:19 | Build | Stone Wall |
| 14:23 | Create | Villager (Male) |
| 14:25 | Build | Farm |
| 14:37 | Create | Villager (Male) |
| 14:55 | Build | Mining Camp |
| 15:02 | Build | House |
| 15:07 | Build | Farm |
| 15:18 | Build | Farm |
| 15:29 | Create | Villager (Male) |
| 16:06 | Build | Stone Wall |
| 16:09 | Build | Farm |
| 16:22 | Research | Castle Age |
| 16:45 | Create | Spearman |
| 16:45 | Create | Spearman |
| 16:58 | Create | Spearman |
| 16:59 | Create | Spearman |
| 16:59 | Create | Spearman |
| 17:13 | Create | Spearman |
| 17:30 | Create | Spearman |
| 17:39 | Create | Spearman |
| 17:59 | Create | Spearman |
| 19:02 | Age | Castle Age |
| 19:13 | Create | Spearman |
| 19:14 | Create | Spearman |
| 20:01 | Build | Barracks |
| 20:05 | Create | Spearman |
| 20:06 | Create | Spearman |
| 20:28 | Create | Villager (Male) |
| 20:28 | Create | Villager (Male) |
| 20:29 | Create | Villager (Male) |
| 20:49 | Build | Castle |
| 20:54 | Create | Spearman |
| 20:54 | Create | Spearman |
| 20:59 | Create | Spearman |
| 21:05 | Build | Castle |
| 21:39 | Build | Farm |
| 21:40 | Build | Farm |
| 21:51 | Create | Villager (Male) |
| 21:52 | Create | Villager (Male) |
| 21:55 | Build | Farm |
| 22:53 | Build | Town Center |
| 23:16 | Create | Villager (Male) |
| 23:17 | Create | Villager (Male) |
| 23:51 | Research | Corvinian Army |
| 24:01 | Build | Farm |
| 24:07 | Create | Villager (Male) |
| 24:15 | Create | Villager (Male) |
| 24:16 | Create | Villager (Male) |
| 24:18 | Create | Villager (Male) |
| 24:42 | Create | Villager (Male) |
| 24:44 | Create | Villager (Male) |
| 24:48 | Create | Villager (Male) |
| 24:57 | Create | Magyar Huszar ×2 |
| 25:01 | Build | Farm |
| 25:04 | Create | Villager (Male) |
| 25:20 | Build | Lumber Camp |
| 25:28 | Create | Villager (Male) |
| 25:42 | Build | House |
| 25:45 | Create | Villager (Male) |
| 25:49 | Create | Villager (Male) |
| 25:53 | Create | Villager (Male) |
| 26:48 | Create | Magyar Huszar ×5 |
| 27:31 | Build | Blacksmith |
| 27:34 | Create | Villager (Male) |
| 27:41 | Create | Magyar Huszar |
| 28:07 | Build | Siege Workshop |
| 28:11 | Create | Villager (Male) |
| 28:13 | Create | Villager (Male) |
| 28:21 | Build | Stone Wall |
| 28:35 | Build | Barracks |
| 28:43 | Build | House |
| 28:46 | Create | Villager (Male) |
| 28:52 | Create | Battering Ram |
| 28:52 | Create | Battering Ram |
| 28:54 | Create | Battering Ram |
| 28:57 | Research | Pikeman (upgrade) |
| 29:03 | Create | Spearman ×5 |
| 29:07 | Build | Farm |
| 29:11 | Create | Villager (Male) |
| 29:11 | Create | Villager (Male) |
| 29:12 | Create | Villager (Male) |
| 30:14 | Research | Pikeman (upgrade) |
| 30:46 | Create | Magyar Huszar ×4 |
| 30:58 | Create | Magyar Huszar |
| 32:49 | Build | Farm |
| 32:50 | Build | Farm |
| 32:52 | Build | Farm |
| 32:56 | Build | Farm |
| 33:02 | Research | Imperial Age |
| 33:36 | Create | Magyar Huszar ×2 |
| 33:50 | Build | Monastery |
| 34:28 | Create | Magyar Huszar ×3 |
| 34:35 | Create | Spearman |
| 34:36 | Create | Spearman |
| 34:55 | Create | Spearman ×5 |
Match timeline
| 6:44 | Bladelord · wall_segment Palisade Wall x1 |
| 7:26 | Bladelord · wall_segment Palisade Wall x1 |
| 8:05 | Bladelord · wall_segment Palisade Wall x6 |
| 9:22 | Bladelord · wall_segment Palisade Wall x7 |
| 9:55 | TheGreatKING · first_building Barracks |
| 11:26 | TheGreatKING · age_up feudal |
| 11:29 | Bladelord · wall_segment Palisade Wall x17 |
| 11:31 | TheGreatKING · first_building Stable |
| 12:21 | Bladelord · age_up feudal |
| 12:23 | Bladelord · first_building Barracks |
| 14:00 | Bladelord · first_building Stable |
| 14:19 | TheGreatKING · wall_segment Stone Wall x12 |
| 16:06 | TheGreatKING · wall_segment Stone Wall x11 |
| 16:15 | TheGreatKING · first_market_sell 100 food |
| 18:32 | TheGreatKING · first_market_buy 100 stone |
| 19:02 | TheGreatKING · age_up castle |
| 20:49 | TheGreatKING · first_building Castle |
| 22:56 | Bladelord · age_up castle |
| 25:51 | Bladelord · first_building Castle |
| 28:07 | TheGreatKING · first_building Siege Workshop |
| 28:21 | TheGreatKING · wall_segment Stone Wall x3 |
| 33:50 | TheGreatKING · first_building Monastery |
| 36:12 | TheGreatKING · age_up imperial |
| 41:18 | Bladelord · first_market_sell 100 food |
| 42:39 | Bladelord · first_building Archery Range |
| 43:50 | Bladelord · first_market_buy 100 wood |
| 44:29 | Bladelord · age_up imperial |
| 48:29 | Bladelord · resign |
[ AI ANALYSIS · 1 CREDIT ]
What really happened in this match?
Wolo.gg analyzes every decision: build order, eco, micro, common mistakes by bracket. Personalized analysis on WhatsApp or Discord in 30 seconds.
Civ guide
Magyars
Perfil
Jugador #8951464